 Dungeon Crawl Stone Soup version 0.19.0-19-g8c6edcc (webtiles) character file.

11 JustSomeDude the Caller (level 2, -1/15 HPs)
             Began as a Tengu Summoner on Nov 14, 2016.
             Slain by a jackal (2 damage)
             ... on level 2 of the Dungeon.
             The game lasted 00:02:25 (712 turns).

JustSomeDude the Caller (Tengu Summoner)             Turns: 712, Time: 00:02:26

Health: -1/15      AC:  2    Str:  8    XL:     2   Next: 29%
Magic:  1/6        EV: 12    Int: 15    God:
Gold:   64         SH:  0    Dex: 14    Spells: 1 memorised, 4 levels left

rFire  . . .     SeeInvis .     (no weapon)
rCold  . . .     Gourm    .     a - +0 robe
rNeg   . . .     Faith    .     (no shield)
rPois  .         Spirit   .     (helmet restricted)
rElec  .         Reflect  .     (no cloak)
rCorr  .         Harm     .     (no gloves)
MR     .....                    (boots unavailable)
Stlth  ++........               (no amulet)
                                (no ring)
                                (no ring)

@: no status effects
A: beak, talons 3
a: no special abilities


You were on level 2 of the Dungeon.
You were not hungry.

You visited 1 branch of the dungeon, and saw 2 of its levels.

You collected 64 gold pieces.

Inventory:

Armour
 a - a +0 robe (worn)
Jewellery
 h - an uncursed ring of protection from fire {unknown}
 l - an uncursed ring of magical power {unknown}
Scrolls
 d - a scroll of enchant weapon {unknown}
 e - a scroll of fear {unknown}
 g - a scroll of identify {unknown}
 i - a scroll of recharging {unknown}
 j - a scroll of fog {unknown}
 k - a scroll of remove curse {unknown}
Books
 b - a book of Callings

   Spells                             Type                      Level
   a - Summon Small Mammal            Summoning                    1
   b - Call Imp                       Summoning                    2
   c - Call Canine Familiar           Summoning                    3
   d - Summon Guardian Golem          Hexes/Summoning              3
   e - Summon Lightning Spire         Summoning/Air                4
   f - Summon Ice Beast               Ice/Summoning                4
Comestibles
 c - 2 bread rations
 f - a chunk of flesh


   Skills:
 + Level 2.1 Dodging
 + Level 2.1 Stealth
 + Level 2.0 Spellcasting
 + Level 5.3 Summonings


You had 4 spell levels left.
You knew the following spells:

 Your Spells              Type           Power        Failure   Level  Hunger
a - Summon Small Mammal   Summ           ###.         2%          1    #......


Dungeon Overview and Level Annotations

Branches:
Dungeon (2/15)

Altars:

Annotations:
D:2 Natasha


Innate Abilities, Weirdness & Mutations

You have a beak for a mouth.
You have claws for feet.


Message History

You catch the helpless jackal completely off-guard!
You hit the jackal but do no damage. You peck the jackal, but do no damage.
The jackal is almost dead.
Your bat hits the jackal but does no damage.
Your quokka barely misses the jackal.
The jackal barely misses you. The jackal misses you.
Your quokka closely misses the jackal.
The goblin barely misses you.
The crimson imp shouts, "Run away, thou tottering hen-pecked canker-blossom!"
You completely miss the jackal. You claw the jackal, but do no damage.
You peck the jackal, but do no damage.
The jackal is almost dead.
Your bat misses the crimson imp.
Your quokka bites the jackal but does no damage.
The jackal bites your quokka. The jackal bites you.
* * * LOW HITPOINT WARNING * * *
Your quokka misses the jackal.
Your quokka bites the jackal.
The jackal dies!
The goblin barely misses you. The jackal bites you.
You die...

###.# ≈≈.. #r# ≈≈... #.#
≈≈..# #r# ##≈≈..#
###.########≈≈≈.g+
...........#≈≈≈..#
##########.≈≈#########..
#.≈≈#.rgh......
#...'..@g......
#...'?rhb......
#...'..5.......
##≈≈#..........
#≈≈#########.. ##≈≈ .
#≈≈≈ ##≈≈ ##


You could see Natasha, a crimson imp, a jackal, 2 goblins, 2 friendly quokkas
and a friendly bat.

Vanquished Creatures
  A leopard gecko (D:1)
  A giant cockroach (D:1)
  A goblin (D:1)
  2 rats
5 creatures vanquished.

Vanquished Creatures (collateral kills)
  A giant cockroach (D:1)
  2 goblins (D:1)
  A hobgoblin (D:1)
  A jackal (D:2)
  A kobold (D:2)
  2 rats (D:1)
8 creatures vanquished.

Grand Total: 13 creatures vanquished

Notes
Turn   | Place    | Note
-------+----------+-------------------------------------------
     0 | D:1      | JustSomeDude the Tengu Summoner began the quest for the Orb.
     0 | D:1      | Reached XP level 1. HP: 10/10 MP: 4/4
   284 | D:1      | Reached skill level 5 in Summonings
   445 | D:1      | Reached XP level 2. HP: 15/15 MP: 1/6
   701 | D:2      | Noticed Natasha
   710 | D:2      | Noticed a crimson imp
   712 | D:2      | Slain by a jackal

Skill      XL: |  1 |
---------------+----+-----
Summonings     | 5 |  5.3
Dodging        | |  2.1
Stealth        | |  2.1
Spellcasting   | |  2.0

Action                   || total
-------------------------++-------
Melee: Unarmed           ||    26
       Peck              ||     7
       Kick              ||     7
 Cast: Summon Small Mamm ||    27
 Stab: Sleeping          ||     2
       Distracted        ||     1
Armor: Robe              ||     1
Dodge: Dodged            ||    26
